 Dungeon Crawl Stone Soup version 0.30-a0-1160-g6e42c06551 (webtiles) character file.

Game seed: 12554523496940722732

39 xian the Grave Robber (level 3, -2/22 (24) HPs)
             Began as a Demonspawn Necromancer on Apr 27, 2023.
             Slain by Terence
             ... wielding the +7 Throatcutter {drain, coup de grace}
              (11 damage)
             ... on level 2 of the Dungeon.
             The game lasted 00:03:10 (1310 turns).

xian the Grave Robber (Demonspawn Necromancer)      Turns: 1310, Time: 00:03:10

HP:   -2/22 (24)    AC:  3    Str:  8    XL:     3   Next: 28%
MP:   3/6           EV: 11    Int: 18    God:
Gold: 82            SH:  0    Dex: 13    Spells: 3/7 levels left

rFire   . . .        f - +0 hand axe
rCold   . . .        (no shield)
rNeg    . . .        m - +0 leather armour
rPois   .            (no helmet)
rElec   .            a - scarf {+Inv}
rCorr   .            (no gloves)
SInv    .            (no boots)
Will    .....        (no amulet)
Stlth   ++           (no ring)
HPRegen 0.23/turn    (no ring)
MPRegen 0.10/turn

%: no passive effects
@: very slightly contaminated, drained
A: hooves 1, foul stench 1
a: Evoke Invisibility


You were on level 2 of the Dungeon.
You visited 1 branch of the dungeon, and saw 2 of its levels.

You collected 82 gold pieces.

Inventory:

Hand Weapons
 c - a +0 short sword
 f - a +0 hand axe (weapon)
Armour
 a - a scarf of invisibility (worn)
 m - a +0 leather armour (worn)
Scrolls
 d - 3 scrolls of identify {unknown}
 e - a scroll of amnesia {unknown}
 g - a scroll of vulnerability {unknown}
 i - a scroll of fog {unknown}
 k - a scroll of immolation {unknown}
 l - a scroll of enchant armour {unknown}
Potions
 b - 2 potions of magic
 h - a potion of might {unknown}
 j - a potion of mutation {unknown}


   Skills:
 + Level 0.1 Fighting
 + Level 0.1 Axes
 + Level 0.1 Armour
 + Level 2.1 Dodging
 + Level 1.8 Stealth
 + Level 2.6 Spellcasting
 + Level 4.9 Necromancy


You had 3 spell levels left.
You knew the following spells:

 Your Spells              Type           Power      Damage    Failure   Level
a - Necrotise             Necr           80%        1d8       3%          1
b - Vampiric Draining     Necr           20%        2d7       10%         3

Your spell library contained the following spells:

 Spells                   Type           Power      Damage    Failure   Level
 Animate Dead             Necr           20%        N/A       32%         4
 Agony                    Necr           20%        N/A       65%         5


Dungeon Overview and Level Annotations

Branches:
Dungeon (2/15)

Altars:

Annotations:
D:2 Terence


Innate Abilities, Weirdness & Mutations

You have large cloven feet.
You may rarely emit foul miasma when damaged in melee.


Message History

Found a chain mail.
The bat hits you but does no damage.
The bat writhes in agony.
You kill the bat!
The dead are flying!
You can't see any susceptible monsters within range! (Use Z to cast anyway.)
You can't see any susceptible monsters within range! (Use Z to cast anyway.)
You now have 76 gold pieces (gained 11).
Found a stone.
Terence and a quokka come into view.
Terence is wielding the +7 Throatcutter {drain, coup de grace}.
Found a scroll labelled RILOSO PUIQEKK.
Terence shouts!
The quokka moves out of view.
You see here 6 gold pieces.
The quokka bites your bat skeleton.
Your bat skeleton closely misses the quokka.
Your bat skeleton hits the quokka but does no damage.
Your bat skeleton barely misses the quokka.
The quokka bites your bat skeleton.
Your bat skeleton is destroyed!
You see here 6 gold pieces.
You now have 82 gold pieces (gained 6).
A frilled lizard comes into view.
You miscast Necrotise.
You are very lightly contaminated with residual magic.
Nothing appears to happen.
The frilled lizard hisses angrily.
The quokka bites you but does no damage.
The quokka writhes in agony!
You kill the quokka!
The dead are hopping!
Terence writhes in agony.
Terence hits you with the +7 Throatcutter {drain, coup de grace}!
Ouch! That really hurt!
You feel drained. Terence attacks as you move away!
Terence hits you with the +7 Throatcutter {drain, coup de grace}!
Ouch! That really hurt!
You die...

... #.. .. .....#...
#.#...#.. #. ##.##...
.... ....(...#.. ..
#Z#..# ..# ..#
#@##.##..##.. .
####.@.....#..#....
#...........#....#...
########...#..##..#...
#..#...##...#.# #
###..........# #
#.##.#.....# #
###+##......### #
##.............# #
.'..[....._....###


You could see Terence (ally target) and a friendly quokka skeleton.

Vanquished Creatures
  A worm (D:2)
  4 bats
  2 endoplasms (D:1)
  2 giant cockroaches (D:1)
  5 goblins
  2 hobgoblins (D:1)
  4 jackals (D:1)
  4 kobolds
  2 quokkas
  A ball python (D:1)
  A frilled lizard (D:1)
  3 rats (D:1)
31 creatures vanquished.

Notes
Turn   | Place    | Note
-------+----------+-------------------------------------------
     0 | D:1      | xian the Demonspawn Necromancer began the quest for the
                  | Orb.
     0 | D:1      | Reached XP level 1. HP: 13/13 MP: 3/3
   238 | D:1      | Gained mutation: You may rarely emit foul miasma when
                  | damaged in melee. [demonic ancestry]
   238 | D:1      | Reached XP level 2. HP: 19/19 MP: 3/5
   851 | D:1      | Gained mutation: You have large cloven feet. [demonic
                  | ancestry]
   851 | D:1      | Reached XP level 3. HP: 20/24 MP: 2/6
   862 | D:1      | Learned a level 3 spell: Vampiric Draining
  1303 | D:2      | Noticed Terence
  1310 | D:2      | Slain by Terence

Illustrated notes

Levels and vault maps discovered:
D:1:      nagdon_arrival_double_spiral, layout_basic
D:2:      layout_basic, basic_altar, serial_shops, nicolae_shop_waterfront,
          minivault_26, uniq_terence

Skill      XL: |  1 |
---------------+----+-----
Dodging        | 2 |  2.1
Fighting       | |  0.1
Axes           | |  0.1
Armour         | |  0.1
Stealth        | |  1.8
Spellcasting   | |  2.6
Necromancy     | |  4.9

Action                     || total
---------------------------++-------
  Melee: Short sword       ||     2
         Hand axe          ||    15
         Kick              ||     4
   Cast: Necrotise         ||    47
 Armour: Robe              ||     5
         Leather armour    ||     3
  Dodge: Dodged            ||    20

Table legend: (Time is in decaauts)
 A = Elapsed time spent in this place.
 B = Non-inter-level travel time spent in this place.
 C = Inter-level travel time spent in this place.
 D = Time resting spent in this place.
 E = Time spent auto-exploring this place.
 F = Levels seen in this place.
 G = Mean time per level.
                   A        B        C        D        E       F      G
               +--------+--------+--------+--------+--------+-----+--------+
         Total |   1313 |   1310 |      3 |      0 |    828 |   2 |  656.5 |
       Dungeon |   1313 |   1310 |      3 |      0 |    828 |   2 |  656.5 |
               +--------+--------+--------+--------+--------+-----+--------+

Top non-repeatable levels by time:
     D:1: 998 daAuts
     D:2: 314 daAuts
